 Dungeon Crawl Stone Soup version 0.18-a0-1323-g706dcef (webtiles) character file.

482 M4edhros the Covert (level 7, 0/43 HPs)
             Began as an Octopode Artificer on Feb 16, 2016.
             Succumbed to a centaur's poison
             ... on level 5 of the Dungeon.
             The game lasted 00:06:22 (1854 turns).

M4edhros the Covert (Octopode Artificer)            Turns: 1854, Time: 00:06:22

Health: 0/43       AC:  1    Str: 10    XL:     7   Next: 12%
Magic:  9/9        EV: 11    Int: 16    God:
Gold:   70         SH:  3    Dex: 13    Spells: 0 memorised, 6 levels left

rFire  . . .     SeeInvis .     w - +0 dagger (venom)
rCold  . . .     Gourm    .     g - +0 buckler
rNeg   . . .     Faith    .     (helmet restricted)
rPois  .         Spirit   .     (no amulet)
rElec  .         Dismiss  .     (no ring)
rCorr  .         Reflect  .     (no ring)
SustAt .         Harm     .     (no ring)
MR     .....                    (no ring)
Stlth  ++++++....               (no ring)
                                (no ring)
                                (no ring)
                                (no ring)

@: lethally poisoned (0 -> -11), flying, very slightly contaminated, hasted
(expiring), very quick, not resistant to hostile enchantments, very stealthy
A: almost no armour, amphibious, 8 rings, constrict 8, camouflage 1, gelatinous
body 1
a: no special abilities


You were on level 5 of the Dungeon.
You were very hungry.

You visited 1 branch of the dungeon, and saw 5 of its levels.

You collected 70 gold pieces.

Inventory:

Hand Weapons
 a - a +0 short sword
 w - a +0 dagger of venom (weapon)
Missiles
 j - 29 sling bullets
 m - 65 stones (quivered)
Armour
 g - a +0 buckler (worn)
Jewellery
 n - an uncursed amulet of harm {unknown}
Wands
 b - a wand of flame (12/48)
 c - a wand of enslavement (13/24)
 d - a wand of random effects (5/48)
Scrolls
 h - 2 scrolls of remove curse {unknown}
 l - 2 scrolls of teleportation {unknown}
 p - a scroll of enchant weapon {unknown}
 r - a scroll of enchant armour {unknown}
 s - a scroll of blinking {unknown}
 v - a scroll of identify {unknown}
Comestibles
 f - 2 bread rations
 k - a meat ration


   Skills:
 - Level 1.0 Fighting
 - Level 1.0 Short Blades
 - Level 2.0 Dodging
 + Level 10.3 Stealth
 - Level 3.2 Evocations


You had 6 spell levels left.
You didn't know any spells.

Dungeon Overview and Level Annotations

Branches:
Dungeon (5/15)
 Temple: D:4-7

Altars:
Ashenzari
Makhleb
Okawaru

Annotations:
D:4 Robin


Innate Abilities, Weirdness & Mutations

You cannot wear most types of armour.
You are amphibious.
You can wear up to eight rings at the same time.
You can use your tentacles to constrict eight enemies at once.
Your skin changes colour to match your surroundings (Stealth).
Your rubbery body absorbs attacks (AC +1).


Message History

w - Wait here. f - Follow me.
Anything else - Stay silent.
Wait here!
Your extra speed is starting to run out.
* * * LOW HITPOINT WARNING * * *
You feel sick.
* * * LOW HITPOINT WARNING * * *
You feel sick.
* * * LOW HITPOINT WARNING * * *
You feel sick.
A jackal comes into view.
* * * LOW HITPOINT WARNING * * *
You feel sick. The jackal bites your ogre.
* * * LOW HITPOINT WARNING * * *
You feel sick.
Your ogre closely misses the jackal.
The jackal bites your ogre.
Your ogre dies!
The jackal looks stronger.
Unknown command.
You die...

....... #.....
h.... #)>. #..
#†# #.# #(# #@#
#)#
########.###.#
##.....#......#
#.......†.....#
...............#
..........<$...#
...............#
...............#


You could see a jackal.

Vanquished Creatures
  An ogre (D:4)
  2 scorpions
  2 hounds (D:4)
  An orc wizard (D:4)
  A giant frog skeleton (D:4)
  An iguana (D:4)
  3 worker ants
  A sheep (D:4)
  2 giant geckos (D:4)
  4 orcs (D:4)
  2 giant cockroaches
  2 goblins
  4 hobgoblins
  4 kobolds
  A quokka (D:4)
  A ball python (D:4)
  3 bats
  A giant newt (D:4)
  A rat (D:2)
37 creatures vanquished.

Vanquished Creatures (collateral kills)
  A centaur (D:5)
  A jackal (D:5)
2 creatures vanquished.

Vanquished Creatures (others)
  An ogre (D:5)
1 creature vanquished.

Grand Total: 40 creatures vanquished

Notes
Turn   | Place    | Note
--------------------------------------------------------------
     0 | D:1      | M4edhros the Octopode Artificer began the quest for the Orb.
     0 | D:1      | Reached XP level 1. HP: 13/13 MP: 3/3
   160 | D:1      | Reached XP level 2. HP: 18/18 MP: 4/4
   284 | D:3      | Found a shattered altar of Ashenzari.
   557 | D:4      | Noticed Edmund
   557 | D:4      | Noticed a scorpion
   562 | D:4      | Reached skill level 4 in Stealth
   562 | D:4      | Reached XP level 3. HP: 15/23 MP: 5/5
   564 | D:4      | Killed a scorpion
   564 | D:4      | Reached skill level 6 in Stealth
   564 | D:4      | Reached XP level 4. HP: 17/28 MP: 6/6
   613 | D:4      | Noticed Edmund
   613 | D:4      | Edmund changed into Edmund the sheep
   617 | D:4      | Killed Edmund the sheep
   849 | D:4      | Reached skill level 7 in Stealth
   849 | D:4      | Reached XP level 5. HP: 28/33 MP: 7/7
   865 | D:4      | Found a burning altar of Makhleb.
   997 | D:4      | Noticed an ogre
  1001 | D:4      | Killed an ogre
  1001 | D:4      | Reached skill level 8 in Stealth
  1001 | D:4      | Reached XP level 6. HP: 27/38 MP: 8/8
  1015 | D:4      | Found an iron altar of Okawaru.
  1276 | D:4      | Reached skill level 9 in Stealth
  1773 | D:4      | Noticed Robin
  1819 | D:5      | Entered Level 5 of the Dungeon
  1836 | D:5      | Reached skill level 10 in Stealth
  1836 | D:5      | Reached XP level 7. HP: 26/43 MP: 9/9
  1851 | D:5      | HP: 2/43 [poisoned by a centaur]
  1854 | D:5      | Succumbed to a centaur's poison

Vault maps used:
D:1:      eino_arrival_cavern_a, serial_bayou_crossing
D:3:      nicolae_ashenzari_panopticon, uniq_sigmund
D:4:      kennysheep_mini_moat, lemuel_coloured_pillars_altar, uniq_robin,
          uniq_edmund
D:5:      grunt_gozag_statues, first_bread

Action                   |  1- 3 |  4- 6 |  7- 9 || total
-------------------------+-------+-------+-------++-------
Melee: Short sword       |    22 |    30 |       ||    52
       Dagger            |       |    22 |       ||    22
Evoke: Wand              |     2 |     9 |     4 ||    15
  Use: Potion            |       |     5 |       ||     5
 Stab: Sleeping          |    10 |     5 |       ||    15
  Eat: Chunk             |       |     2 |       ||     2
